 Dungeon Sprint DCSS version 0.30.0-20-g3b4254fcbd (webtiles) character file.

Game seed: 6799239003083001845

10 Groucho the Scratcher (level 2, -2/21 HPs)
             Began as a Felid Berserker on June 2, 2023.
             Was a Believer of Trog.
             Slain by a merfolk siren
             ... wielding a +0 spear
              (17 damage)
             ... in the Dungeon (Sprint II: "The Violet Keep of Menkaure").
             The game lasted 00:00:38 (110 turns).

Groucho the Scratcher (Felid Berserker)              Turns: 110, Time: 00:00:38

Health: -2/21      AC:  1    Str: 13    XL:     2   Next: 10%
Magic:  3/3        EV: 18    Int:  8    God:    Trog [**....]
Gold:   243        SH:  0    Dex: 15    Spells: 1/1 levels left
                                        Lives:  0   Deaths: 0

rFire   . .          .
                       - Unarmed
rCold   . . .        (shield unavailable)
rNeg    . . .        (body armour unavailable)
rPois   .            (helmet unavailable)
rElec   .            (cloak unavailable)
rCorr   .            (gloves unavailable)
SInv    +            (boots unavailable)
Will    ++...        (no amulet) Stlth
                     (no ring)
HPRegen 1.23/turn    (no ring)
MPRegen 0.08/turn

%: no teleportation
@: berserking, strong-willed, regenerating, very quick
A: very small, claws 1, fangs 3, see invisible, speed 1, shaggy fur 1, stealthy
paws, no weapons or thrown items, no armour, multi-lived
a: Renounce Religion, Berserk, Trog's Hand


You were in the Dungeon.
You worshipped Trog.
Trog was pleased with you.
You visited 1 branch You collected 243 gold pieces.

Inventory:

Scrolls
 f - a scroll of blinking
Potions
 a - a potion of curing
 c - a potion of haste
 d - 2 potions of magic


   Skills:
 - Level 3.0 Fighting
 - Level 4.0 Dodging
 * Level 4.1 Stealth
 * Level 4.2 Unarmed Combat


You had one spell level left.
You didn't know any spells.
Your spell library was empty.

Dungeon Overview and Level Annotations

Branches:
Dungeon (1/1)

Altars:


Innate Abilities, Weirdness & Mutations

You have sharp claws.
You have razor-sharp teeth.
You have supernaturally acute eyesight. (SInv)
You cover ground quickly. (Speed+)
You are covered in fur. (AC +1)
Your paws help you pounce on unaware monsters.
You are incapable of wielding weapons or throwing items.
You cannot wear armour.
You gain extra lives every three experience levels.


Message History

You can now call upon Trog for regeneration and willpower.
Your Stealth skill increases to level 4!
You have reached level 2!
Unknown command.
Unknown command.
Unknown command.
Found 243 gold pieces.
You see here a worm corpse.
You feel a strong urge to attack something.
You are no longer berserk.
You are exhausted.
You feel yourself slow down.
You now have 243 gold pieces.
You start waiting.
You feel yourself speed up.
You start waiting.
You recover from your berserk rage.
You see here a worm corpse.
You start waiting.
There is an open door here.
Your skin crawls.
You feel strong-willed.
You open the door.
A merfolk siren comes into view. It is wielding a +0 spear.
The merfolk siren shouts!
The merfolk siren chants a haunting song.
You resist with almost no effort.
Found 243 gold pieces.
The merfolk siren misses you.
There is an open door here.
A red film seems to cover your vision as you go berserk!
You feel yourself moving faster!
You feel mighty!
The merfolk siren hits you from afar with a +0 spear!
You feel a strong urge to attack something.
You see here 243 gold pieces.
You scratch the merfolk siren.
The merfolk siren is lightly wounded.
The merfolk siren hits you with a +0 spear!
Ouch! That really hurt!
You die...

#+##
###..##
#.##..#
#.#†####
##'###.##
##.##.m.#
+.<.'@#
##.##...#
#+###.##
##


You could see a merfolk siren.

Vanquished Creatures
  3 worms (D)
3 creatures vanquished.

Vanquished Creatures (others)
  A water moccasin (D)
1 creature vanquished.

Grand Total: 4 creatures vanquished

Notes
Turn   | Place    | Note
-------+----------+-------------------------------------------
     0 | D        | Groucho the Felid Berserker began the quest for the Orb.
     0 | D        | Reached XP level 1. HP: 10/10 MP: 2/2
    16 | D        | Killed a water moccasin
    17 | D        | Reached ** piety under Trog
    18 | D        | Reached XP level 2. HP: 14/14 MP: 3/3
   106 | D        | Noticed a merfolk siren
   110 | D        | Slain by a merfolk siren

Illustrated notes

Levels and vault maps discovered:
D:        the_violet_keep_of_menkaure [sprint2_stairs_cluster_1,
          sprint2_shoproom, sprint2_temple, sprint2_basic_supplies,
          sprint2_obstacle_2, sprint2_obstacle_7, sprint2_obstacle_1,
          sprint2_obstacle_6, sprint2_obstacle_5, sprint2_timed_cluster_1,
          sprint2_smallroom_cluster_1, sprint2_smallroom_final_cluster_1,
          sprint2_transparent_cluster_1, sprint2_second_timed_cluster_1,
          sprint2_sniper_area_1, sprint2_heavy_combat_area_1,
          sprint2_mutation_trap_area_1, sprint2_forest_area_1,
          sprint2_light_combat_area_1, sprint2_behind_water_1,
          sprint2_near_end_vault_1]

Skill      XL: |  1 |
---------------+----+-----
Stealth        | 4 |  4.1
Unarmed Combat | 4 |  4.2
Fighting       | |  3.0
Dodging        | |  4.0

Action                     || total
---------------------------++-------
  Melee: Unarmed           ||    11
         Bite              ||     2
 Invoke: Berserk           ||     1
         Trog's Hand       ||     1
    Use: Potion            ||     2
   Stab: Sleeping          ||     1
  Dodge: Dodged            ||     6
